 Dungeon Crawl Stone Soup version 0.24-a0-458-gfcb5e6da0e (webtiles) character file.

Game seed: 10279406224096109469

2363 Peloso the Carver (level 9, 0/78 HPs)
             Began as a Minotaur Fighter on June 27, 2019.
             Was a Priest of Okawaru.
             Succumbed to a wight's poison gas
             ... on level 7 of the Dungeon.
             The game lasted 00:12:03 (4130 turns).

Peloso the Carver (Minotaur Fighter)                Turns: 4130, Time: 00:12:04

Health: 0/78       AC: 11    Str: 23    XL:     9   Next: 21%
Magic:  8/8        EV:  8    Int:  7    God:    Okawaru [***...]
Gold:   335        SH: 13    Dex: 18    Spells: 8/8 levels left

rFire    . . .     SeeInvis +   l - +6 whip "Cajexyaj" {venom, *Contam rC+ Int+2 Dex+7}
rCold    + . .     Gourm    +   c - +1 shield
rNeg     . . .     Faith    .   t - +0 chain mail
rPois    .         Spirit   .   (helmet restricted)
rElec    .         Reflect  .   (no cloak)
rCorr    .         Harm     .   k - +0 pair of gloves
MR       .....                  (no boots)
Stlth    ..........             u - amulet of the gourmand
HPRegen  0.23/turn              w - ring of flight
MPRegen  0.11/turn              p - ring of see invisible

@: lethally poisoned (0 -> -9), flying, lightly drained
A: retaliatory headbutt, horns 2
a: Heroism, Renounce Religion


You were on level 7 of the Dungeon.
You worshipped Okawaru.
Okawaru was most pleased with you.
You were not hungry.

You visited 2 branches of the dungeon, and saw 8 of its levels.

You collected 335 gold pieces.

Inventory:

Hand Weapons
 a - a +1 long sword
 l - the +6 whip "Cajexyaj" (weapon) {venom, *Contam rC+ Int+2 Dex+7}
   (You found it on level 6 of the Dungeon)

   It poisons the flesh of those it strikes.
   It affects your intelligence (+2).
   It affects your dexterity (+7).
   It protects you from cold.
   It causes magical contamination when unequipped.
Armour
 b - a +0 scale mail
 c - a +1 shield (worn)
 k - a +0 pair of gloves (worn)
 t - a +0 chain mail (worn)
Jewellery
 g - a +3 ring of intelligence
 p - a ring of see invisible (right hand)
 u - an amulet of the gourmand (around neck)
 w - a ring of flight (left hand)
Wands
 d - a wand of digging (7)
 o - a wand of iceblast (7)
Scrolls
 h - a scroll of teleportation
 i - 3 scrolls of remove curse
 j - a scroll of enchant weapon
Potions
 e - 2 potions of magic
 m - 2 potions of haste
 n - a potion of flight
 r - a potion of invisibility
 s - 2 potions of agility
 v - 2 potions of might
Comestibles
 f - 14 rations


   Skills:
 + Level 6.5(6.1) Fighting
 + Level 9.1(8.7) Long Blades
 + Level 1.5(1.1) Maces & Flails
 + Level 7.0(6.6) Armour
 + Level 2.6(2.2) Dodging
 + Level 1.0(0.6) Stealth
 + Level 8.5(8.0) Shields
 + Level 0.1(0.0) Invocations


You had 8 spell levels left.
You didn't know any spells.
Your spell library contained the following spells:

 Spells                   Type           Power        Failure   Level  Hunger
 Magic Dart               Conj           #...         100%        1    ##.....
 Blink                    Tloc           N/A          100%        2    ###....
 Call Imp                 Summ           #.......     100%        2    ###....
 Slow                     Hex            #.......     100%        2    ###....
 Conjure Flame            Conj/Fire      #.......     100%        3    ####...
 Mephitic Cloud           Conj/Pois/Air  #.......     100%        3    ####...


Dungeon Overview and Level Annotations

Branches:
Dungeon (7/15)             Temple (1/1) D:4

Altars:
Ashenzari
Cheibriados
Dithmenos
Elyvilon
Fedhas
Hepliaklqana
Kikubaaqudgha
Makhleb
Nemelex Xobeh
Okawaru
Qazlal
Ru
Sif Muna
Trog
Uskayaw
Vehumet
Wu Jian
Xom
Zin
The Shining One

Annotations:
D:6 3 runed translucent doors, loom's ghost, novice TrMo


Innate Abilities, Weirdness & Mutations

You reflexively headbutt those who attack you in melee.
You have a pair of horns on your head.


Message History

* * * LOW HITPOINT WARNING * * *
You feel sick. The wight hits you with a +0 hand axe.
* * * LOW HITPOINT WARNING * * *
Unknown command.
You barely miss the wight.
The wight is heavily damaged.
* * * LOW HITPOINT WARNING * * *
You feel sick.
The wight hits you but does no damage. x2
Unknown command.
Okay, then.
You hit the wight but do no damage.
The wight is heavily damaged.
* * * LOW HITPOINT WARNING * * *
You feel sick. You block the wight's attack. The wight closely misses you.
You furiously retaliate!
You headbutt the wight, but do no damage.
Unknown command.
You barely miss the wight.
The wight is heavily damaged.
You die...

##....○§§ .#.......# #...
......○°.### .........#.###.
........§§☼# ..##.....#.##..
.......§§§§# #..##.....#.....
.......###§##...##..(.##.....
........##§§...# #....#......
...............###...........
............zz.#.............
(........##.@......#)........
..#.####.##....#.#...........
#..##.### #.<.........
##......# #...........
.##..#..### #.#......###
.....##.## ##.#......#
...#.......# ##.........# ..
#......####.......#### #
##.##........#...##


You could see 2 wights.

Vanquished Creatures
  Sigmund (D:6)
  Eustachio (D:6)
  Edmund (Temple)
  A water moccasin (D:6)
  An ice beast (D:7)
  A black bear (D:6)
  A phantom (D:6)
  2 ogres
  2 sky beasts (D:6)
  A centaur (D:3)
  A bullfrog (D:6)
  Blork the orc (D:4)
  A water moccasin skeleton (D:5)
  5 howler monkeys
  2 wights (D:7)
  3 crimson imps
  A centaur zombie (D:6)
  2 hounds
  2 jellies (D:6)
  An orc priest (D:3)
  An iguana (D:6)
  4 worker ants
  Robin (D:2)
  A howler monkey skeleton (D:4)
  11 adders
  3 oozes
  3 adder skeletons
  5 worms
  2 dart slugs (D:1)
  11 leopard geckos
  15 orcs
  A ball python (D:1)
  5 bats
  5 giant cockroaches
  13 goblins
  15 hobgoblins
  A jackal (D:4)
  9 kobolds
  4 quokkas
  5 frilled lizards
  A leopard gecko skeleton (D:6)
  2 quokka zombies (D:6)
  4 rats
  2 toadstools (D:1)
155 creatures vanquished.

Vanquished Creatures (others)
  2 toadstools (D:1)
2 creatures vanquished.

Grand Total: 157 creatures vanquished

Notes
Turn   | Place    | Note
-------+----------+-------------------------------------------
     0 | D:1      | Peloso the Minotaur Fighter began the quest for the Orb.
     0 | D:1      | Reached XP level 1. HP: 19/19 MP: 0/0
    99 | D:1      | Reached XP level 2. HP: 24/27 MP: 1/1
   285 | D:1      | Reached XP level 3. HP: 31/33 MP: 2/2
   462 | D:2      | Found a white marble altar of Elyvilon.
   520 | D:2      | Reached skill level 3 in Long Blades
   520 | D:2      | Reached XP level 4. HP: 34/41 MP: 3/3
   573 | D:2      | Noticed Robin
   591 | D:2      | Killed Robin
   750 | D:2      | Reached skill level 5 in Armour
  1176 | D:3      | Noticed a centaur
  1190 | D:3      | Killed a centaur
  1190 | D:3      | Reached XP level 5. HP: 28/47 MP: 4/4
  1193 | D:3      | Reached skill level 4 in Long Blades
  1208 | D:3      | Found a blossoming altar of Fedhas.
  1261 | D:3      | Found a bloodstained altar of Trog.
  1606 | D:3      | Reached skill level 5 in Fighting
  1662 | D:3      | Reached XP level 6. HP: 53/56 MP: 5/5
  1863 | D:4      | Reached skill level 5 in Long Blades
  1936 | D:4      | Found a staircase to the Ecumenical Temple.
  1940 | D:4      | Noticed Edmund
  1946 | Temple   | Entered the Ecumenical Temple
  1956 | Temple   | Killed Edmund
  1956 | Temple   | Reached skill level 1 in Dodging
  2051 | Temple   | Became a worshipper of Warmaster Okawaru
  2079 | D:4      | Noticed Blork the orc
  2093 | D:4      | Killed Blork the orc
  2093 | D:4      | Reached skill level 6 in Long Blades
  2093 | D:4      | Reached skill level 5 in Shields
  2093 | D:4      | Reached XP level 7. HP: 60/61 MP: 6/6
  2195 | D:4      | Reached * piety under Okawaru
  2411 | D:5      | Entered Level 5 of the Dungeon
  2452 | D:5      | Reached skill level 7 in Long Blades
  2552 | D:5      | Found a shimmering altar of Xom.
  2820 | D:5      | Reached XP level 8. HP: 50/70 MP: 7/7
  3164 | D:6      | Found a runed translucent gate.
  3165 | D:6      | Found a runed translucent gate.
  3165 | D:6      | Found a runed translucent gate.
  3167 | D:6      | Noticed loom's ghost (novice TrMo)
  3268 | D:6      | Reached skill level 8 in Long Blades
  3269 | D:6      | Noticed Eustachio
  3287 | D:6      | Killed Eustachio
  3287 | D:6      | Reached ** piety under Okawaru
  3342 | D:6      | Noticed Sigmund
  3375 | D:6      | Killed Sigmund
  3383 | D:6      | Got a dazzling whip
  3386 | D:6      | Identified the +6 whip "Cajexyaj" {venom, *Contam rC+ Int+2
                  | Dex+7} (You found it on level 6 of the Dungeon)
  3559 | D:6      | Reached skill level 9 in Long Blades
  3559 | D:6      | Reached XP level 9. HP: 57/78 MP: 8/8
  3567 | D:6      | Reached *** piety under Okawaru
  3970 | D:7      | Reached skill level 1 in Stealth
  4053 | D:7      | Reached skill level 1 in Maces & Flails
  4128 | D:7      | HP: 2/78 [poisoned by a wight (poison gas)]
  4130 | D:7      | Succumbed to a wight's poison gas

Levels and vault maps discovered:
D:1:      ldierk_water_garden, layout_rooms
D:2:      layout_basic, elyvilon_altar_3, uniq_robin
D:3:      minmay_octagon_keep, layout_basic, fedhas_altar_1, bloody_trog
D:4:      layout_loops_ring, minmay_temple_entry_sparse_star, first_ration,
          minmay_quantized, uniq_edmund, uniq_blork_the_orc
D:5:      layout_rooms, old_standard_altar, st_stairs_10
D:6:      minmay_chambers_of_threes, layout_basic, serial_glass,
          glass_columns_a, glass_columns_b, item_on_display_a,
          item_on_display_a, ebering_ghost_rock_garden, uniq_eustachio,
          uniq_sigmund
D:7:      layout_cave_pools, grunt_ministairs_1, grunt_livestock,
          chequers_serial_rivers_small_b
Temple:   regret_index_temple_mists

Skill      XL: |  1  2  3  4  5  6  7  8  9 |
---------------+----------------------------+-----
Armour         | 4 5 6 7 |  7.0
Fighting       | 4 5 6 |  6.5
Shields        | 4 5 7 8 |  8.5
Long Blades    | 3 4 6 7 9 |  9.1
Dodging        | 1 2 |  2.6
Stealth        | 1 |  1.0
Maces & Flails | 1 |  1.5
Invocations    | |  0.1

Action                   |  1- 3 |  4- 6 |  7- 9 || total
-------------------------+-------+-------+-------++-------
Melee: Long sword        |    93 |   157 |   157 ||   407
       Headbutt          |    11 |    36 |    48 ||    95
       Whip              |       |       |    64 ||    64
Invok: Heroism           |       |       |     1 ||     1
  Use: Scroll            |       |     6 |     7 ||    13
       Potion            |       |       |     3 ||     3
  Eat: Chunk             |       |     5 |     6 ||    11
Armor: Scale mail        |    61 |    49 |       ||   110
       Chain mail        |       |    20 |   158 ||   178
Dodge: Dodged            |    37 |    36 |    74 ||   147
Block: Shield            |    57 |    75 |   168 ||   300
       Rpst.: Long sword |    14 |    15 |    15 ||    44

Table legend:
 A = Non-vault XP
 B = Vault XP
 C = Vault XP percentage of total XP
 D = Non-vault monster count
 E = Vault monster count
 F = Vault count percentage of total count
                 A         B        C        D         E       F
            +---------+---------+-------+---------+---------+-------
      Total |    1817 |    1560 |  46.2 |     115 |      38 |  24.8
            +---------+---------+-------+---------+---------+-------
        D:1 |      48 |       0 |   0.0 |      25 |       0 |   0.0
        D:2 |     113 |      26 |  18.7 |      25 |       7 |  21.9
        D:3 |     197 |      47 |  19.3 |      15 |      12 |  44.4
        D:4 |      98 |     225 |  69.7 |       9 |       5 |  35.7
        D:5 |     537 |       0 |   0.0 |      21 |       0 |   0.0
        D:6 |     386 |    1098 |  74.0 |      11 |      13 |  54.2
        D:7 |     424 |       0 |   0.0 |       8 |       0 |   0.0
     Temple |      14 |     164 |  92.1 |       1 |       1 |  50.0
            +---------+---------+-------+---------+---------+-------
